 Dungeon Crawl Stone Soup version 0.31.0-32-g396128a36d (webtiles) character file.

Game seed: 10887411662061774238

41825 dundn the Fighter (level 13, 0/122 HPs)
             Began as a Red Draconian Air Elementalist on Apr 4, 2024.
             Was an Elder of Sif Muna.
             Slain by a death yak (20 damage)
             ... on level 4 of the Lair of Beasts on Apr 5, 2024.
             The game lasted 02:00:29 (24340 turns).

dundn the Fighter (Red Draconian Air Elementalist) Turns: 24340, Time: 02:00:29

Health: 0/122      AC: 14    Str: 21    XL:     13   Next: 82%
Magic:  1/37       EV: 12    Int: 19    God:    Sif Muna [****..]
Gold:   1077       SH:  0    Dex: 10    Spells: 26/34 levels left

rFire   + + .        t - +0 whip "Draconian's Bane" {flame, rF+ Str+5}
rCold   . . .        d - orb {*channel}
rNeg    . . .        (body armour unavailable)
rPois   .            (helmet restricted)
rElec   .            N - scarf {repulsion}
rCorr   .            (no gloves)
SInv    .            M - +1 pair of boots
Will    .....        (no amulet)
Stlth   ++           a - +4 ring of protection
HPRegen 0.40/turn    K - ring of magical power
MPRegen 0.25/turn

%: random rage (3%), repel missiles, channel magic (20%)
@: swift, short of breath, very slightly contaminated, quick
A: breathe fire, AC +8, unfitting armour, fire resistance 1, cold-blooded,
berserk 1, strong 1
a: Breathe Fire, Renounce Religion, Channel Magic, Forget Spell, Divine Exegesis


You were on level 4 of the Lair of Beasts.
You worshipped Sif Muna.
Sif Muna was greatly pleased with you.
You visited 3 branches of the dungeon, and saw 17 of its levels.
You also visited: Bailey and Volcano.

You collected 1129 gold pieces.
You spent 52 gold pieces at shops.

Inventory:

Hand Weapons
 t - the +0 whip "Draconian's Bane" (weapon) {flame, rF+ Str+5}
   (You found it on level 4 of the Dungeon)

   Str+5:     It affects your strength (+5).
   rF+:       It protects you from fire.
 I - the +4 arbalest "Umab" {speed, rPois Will+ Int+3 Stlth-}
   (You found it on level 12 of the Dungeon)

   Int+3:     It affects your intelligence (+3).
   rPois:     It protects you from poison Will+: It increases your willpower.
   Stlth-:    It makes you less stealthy.
 J - a -2 demon whip of venom
 R - a +4 halberd of freezing
Missiles
 X - a throwing net
Armour
 d - an orb of energy (worn)
 p - a +0 cloak
 M - a +1 pair of boots (worn)
 N - a scarf of repulsion (worn)
 Q - a +0 kite shield
Jewellery
 a - a +4 ring of protection (left hand)
 i - a +6 ring of dexterity
 k - a ring of wizardry
 D - a ring of willpower
 F - a ring of fire
 K - a ring of magical power (right hand)
 O - a ring of ice
 V - a +6 ring of strength
Wands
 b - a wand of iceblast (10)
 v - a wand of flame (62)
 E - a wand of polymorph (13)
 H - a wand of paralysis (21)
Scrolls
 c - a scroll of brand weapon {unknown}
 e - 3 scrolls of fog
 f - 6 scrolls of teleportation
 m - 2 scrolls of amnesia
 n - 2 scrolls of fear
 o - 2 scrolls of blinking
 x - 3 scrolls of poison
 y - 4 scrolls of noise {unknown}
 A - 2 scrolls of summoning {unknown}
 S - 2 scrolls of immolation
 U - 4 scrolls of enchant armour
 W - a scroll of vulnerability {unknown}
 Y - 2 scrolls of enchant weapon
 Z - a scroll of acquirement {unknown}
Potions
 g - 2 potions of brilliance {unknown}
 h - 7 potions of mutation
 j - 6 potions of might {unknown}
 l - 5 potions of degeneration
 q - a potion of experience
 r - a potion of enlightenment {unknown}
 s - 5 potions of curing {unknown}
 u - a potion of lignification
 w - 5 potions of ambrosia {unknown}
 z - a potion of attraction
 B - a potion of invisibility {unknown}
 C - 3 potions of haste {unknown}
 G - 3 potions of heal wounds
 L - a potion of resistance {unknown}


   Skills:
 + Level 13.1 Fighting
 - Level 2.0 Dodging
 - Level 2.0 Stealth
 + Level 11.2 Spellcasting
 + Level 11.9 Conjurations
 * Level 4.4 Fire Magic
 + Level 11.2 Air Magic
 + Level 6.9 Invocations


You had 26 spell levels left.
You knew the following spells:

 Your Spells              Type           Power      Damage    Failure   Level
a - Shock                 Conj/Air       100%       1d9       1%          1
b - Swiftness             Air            52%        N/A       2%          3
c - Airstrike             Air            26%        2d(4-20)  4%          4

Your spell library contained the following spells:

 Spells                   Type           Power      Damage    Failure   Level
 Static Discharge         Conj/Air       100%       3-8/arc   1%          2
 Kiss of Death            Conj/Necr      100%       2d13      3%          1
 Momentum Strike          Conj/Tloc      66%        3d9       4%          2
 Hailstorm                Conj/Ice       33%        3d8       7%          3
 Apportation              Tloc           20%        N/A       19%         1
 Freeze                   Ice            40%        1d6       19%         1
 Blink                    Tloc           20%        N/A       24%         2
 Jinxbite                 Hex            20%        N/A       24%         2
 Lesser Beckoning         Tloc           20%        N/A       24%         2
 Sublimation of Blood     Necr           10%        N/A       24%         2
 Irradiate                Conj/Alch      16%        3d17      34%         5
 Silence                  Hex/Air        16%        N/A       38%         5
 Confusing Touch          Hex            10%        N/A       41%         3
 Frozen Ramparts          Ice            20%        1d4       41%         3
 Tukima's Dance           Hex            10%        N/A       41%         3
 Anguish                  Hex/Necr       5%         N/A       75%         4
 Dispel Undead            Necr           10%        3d9       75%         4
 Passage of Golubria      Tloc           10%        N/A       75%         4
 Petrify                  Alch/Erth      10%        N/A       75%         4
 Alistair's Intoxication  Alch           6%         N/A       96%         5
 Yara's Violent Unravell  Hex/Alch       5%         3d4       96%         5
 Enfeeble                 Hex            5%         N/A       100%        7
 Lehudib's Crystal Spear  Conj/Erth      16%        10d5      100%        8


Dungeon Overview and Level Annotations

Branches:
Dungeon (12/15)            Temple (1/1) D:7            Lair (4/5) D:8
 Shoals (0/4) Lair:3       Spider (0/4) Lair:3       Bailey (visited)
Volcano (visited)
  Slime: Lair:4-5       Orc: D:9-12

Altars:
Ashenzari
Cheibriados
Dithmenos
Elyvilon
Fedhas
Gozag
Hepliaklqana
Kikubaaqudgha
Makhleb
Nemelex Xobeh
Okawaru
Qazlal
Ru
Sif Muna
Trog
Uskayaw
Vehumet
Wu Jian
Xom
Yredelemnul
Zin
The Shining One

Shops:
D:3 (   D:5 (*   D:6 :

Portals:
Trove: D:11 (give 3 potions of resistance)

Annotations:
D:6 1 runed translucent door, Henri's ghost, novice GrEE
D:7 3 runed translucent doors, Quickbrownfox's ghost, novice OpSh
Lair:4 1 runed translucent door


Innate Abilities, Weirdness & Mutations

You can breathe blasts of fire.
Your fiery red scales are hard. (AC +8)
You cannot fit into any form of body armour.
Your flesh is heat resistant. (rF+)
You are cold-blooded and may be slowed by cold attacks.
You sometimes lose your temper in combat.
Your muscles are strong. (Str +4, Int/Dex -1)


Message History

The death yak is lightly wounded.
The death yak gores you.
You hit the death yak but do no damage.
The death yak is lightly wounded.
The death yak gores you but does no damage.
Your magical contamination has completely faded away.
You hit the death yak but do no damage. You tail-slap the death yak.
The death yak is lightly wounded.
The death yak gores you!
You hit the death yak but do no damage.
The death yak is lightly wounded.
The death yak gores you but does no damage.
The death yak gores you!
Casting: Airstrike (mildly dangerous; 4% risk of failure)
Confirm with . or Enter, or press ? or * to list all spells.
Aiming: Airstrike (mildly dangerous; 4% risk of failure)
Press: ? - help, Dir - move target, f/p - death yak
Aim: a death yak (lightly wounded, empty space bonus: 8/8)
You miscast Airstrike.
You are very lightly contaminated with residual magic.
Nothing appears to happen.
Magical energy flows into your mind!
Casting: Airstrike (mildly dangerous; 4% risk of failure)
Confirm with . or Enter, or press ? or * to list all spells.
Aiming: Airstrike (mildly dangerous; 4% risk of failure)
Press: ? - help, Dir - move target, f/p - death yak
Aim: a death yak (lightly wounded, empty space bonus: 7/8)
The air twists around and strikes the death yak!!
The death yak is moderately wounded.
The death yak closely misses you.
You are too injured to fight recklessly!
You are too injured to fight recklessly!
You hit the death yak but do no damage.
The death yak is moderately wounded.
The death yak gores you!!
Casting: Airstrike (mildly dangerous; 4% risk of failure)
Confirm with . or Enter, or press ? or * to list all spells.
You feel quick. The death yak gores you!!
* * * LOW HITPOINT WARNING * * *
The death yak gores you!!
You die...

# *.#...........$... #
#####....#......Y.#.# ##
##.⌠.#......⌠.⌠.....## P#
######.....#..........#..#.
.######.##..⌠.<..+......>..,#....
..##...#..#......#...............
..............⌠..#..#..⌠.⌠.##...#
...##..#.......Y#.#..#.....#...#*
...#####........@.#...........#*
..## #P....#.....#..##..Y.#.#*
..# ##...............Y#†#..#
..### #P...........##.......#####
..#.###P.............#.....##..P#
.......................#'###.....
.................................
..######..............###......P.
..#≈~≈≈#.............#,*#....P###


You could see a death yak.

Vanquished Creatures
  3 hydras
  A catoblepas (Lair:3)
  A boulder beetle (Lair:2)
  9 death yaks
  3 two-headed ogres
  Nergalle (Lair:1)
  Amaemon (Lair:3)
  A lindwurm (Lair:1)
  An orc knight (Bailey)
  3 manticores
  A cyclops (D:11)
  4 elephants
  2 torpor snails
  A black mamba (Lair:3)
  14 cane toads
  An orange demon (Lair:3)
  A rime drake (Lair:3)
  5 komodo dragons
  2 trolls
  A queen bee (Lair:3)
  17 blink frogs
  3 slime creatures
  A vampire (D:11)
  30 yaks
  3 wraiths
  7 basilisks
  4 wyverns
  Eustachio (D:5)
  2 vampire mosquitoes (D:9)
  A steam dragon (D:8)
  2 acid dragons
  13 water moccasins
  10 orc warriors
  3 black bears
  2 sky beasts
  3 ice beasts
  3 wolves
  4 centaurs
  6 ogres
  A phantom (D:4)
  3 kobold brigands
  10 bullfrogs
  2 gnoll sergeants
  2 scorpions
  19 wights
  30 killer bees
  4 electric eels (D:8)
  2 howler monkeys
  2 bombardier beetles
  8 hounds
  2 jellies
  5 orc priests
  5 sleepcaps
  Ijyb (D:5)
  Terence (D:2)
  3 iguanas
  10 orc wizards
  7 gnolls
  6 river rats (D:6)
  9 adders
  A white imp (D:6)
  2 ribbon worms
  61 orcs
  9 ball pythons
  2 bats
  3 endoplasms
  A giant cockroach (D:2)
  6 goblins
  7 hobgoblins
  5 jackals
  7 quokkas
  2 frilled lizards
  19 kobolds
  17 rats
445 creatures vanquished.

Notes
Turn   | Place    | Note
-------+----------+-------------------------------------------
     0 | D:1      | dundn the Draconian Air Elementalist began the quest for
                  | the Orb.
     0 | D:1      | Reached XP level 1. HP: 14/14 MP: 3/3
   180 | D:1      | Reached XP level 2. HP: 20/20 MP: 3/5
  1152 | D:2      | Reached XP level 3. HP: 24/27 MP: 0/6
  1290 | D:2      | Found a faded altar of an unknown god.
  1378 | D:2      | Reached skill level 1 in Fighting
  1663 | D:2      | Noticed Terence
  1672 | D:2      | Killed Terence
  1673 | D:2      | Reached XP level 4. HP: 30/35 MP: 0/7
  2187 | D:3      | Found a bloodstained altar of Trog.
  2476 | D:3      | Found an ornate altar of the Wu Jian Council.
  2509 | D:3      | Reached skill level 2 in Fighting
  2509 | D:3      | Reached XP level 5. HP: 26/41 MP: 5/9
  2949 | D:3      | Found Hulijath's Weapon Shop.
  3339 | D:4      | Identified the +0 whip "Draconian's Bane" {flame, rF+
                  | Str+5}
  3346 | D:4      | Learned a level 3 spell: Swiftness
  3510 | D:4      | Noticed an ogre
  3534 | D:4      | Killed an ogre
  3535 | D:4      | Reached skill level 3 in Fighting
  3535 | D:4      | Reached XP level 6. HP: 51/51 MP: 5/11
  3993 | D:4      | Reached skill level 5 in Air Magic
  4069 | D:4      | Reached skill level 4 in Fighting
  4104 | D:4      | Your scales start taking on a fiery red colour.
  4104 | D:4      | Reached XP level 7. HP: 19/60 MP: 0/12
  4104 | D:4      | Gained mutation: Your flesh is heat resistant. (rF+) [Red
                  | Draconian growth]
  4384 | D:5      | Entered Level 5 of the Dungeon
  4573 | D:5      | Noticed Eustachio
  4604 | D:5      | Reached skill level 5 in Fighting
  4702 | D:5      | Found a hide-covered altar of Uskayaw.
  4947 | D:5      | Killed Eustachio
  4948 | D:5      | Reached XP level 8. HP: 41/70 MP: 1/14
  5216 | D:5      | Found Hawoetotit's Antique Weapon Boutique.
  5225 | D:5      | Reached skill level 6 in Fighting
  5376 | D:5      | Found Hah Lud's Assorted Antiques.
  5390 | D:5      | Bought a scroll labelled PURRUADUAQ for 26 gold pieces
  5390 | D:5      | Bought a scroll labelled XUELED CYFI for 26 gold pieces
  5474 | D:5      | Reached skill level 5 in Spellcasting
  5480 | D:5      | Reached XP level 9. HP: 66/78 MP: 5/16
  5563 | D:5      | Noticed Ijyb
  5578 | D:5      | Killed Ijyb
  5645 | D:5      | Reached skill level 5 in Conjurations
  5737 | D:5      | Found a sparkling altar of Nemelex Xobeh.
  5893 | D:5      | Found a shimmering altar of Xom.
  6152 | D:6      | Found a glowing golden altar of the Shining One.
  6204 | D:6      | Reached skill level 7 in Fighting
  7416 | D:6      | Found Toam's Self-Published Books.
  7569 | D:6      | Found a runed translucent door.
  7575 | D:6      | Noticed Henri's ghost (novice GrEE)
  7944 | D:7      | Learned a level 4 spell: Airstrike
  8526 | D:7      | Found a staircase to the Ecumenical Temple.
  8533 | Temple   | Entered the Ecumenical Temple
  8560 | Temple   | Became a worshipper of Sif Muna the Loreminder
  8737 | D:7      | Reached skill level 8 in Fighting
  8871 | D:7      | Found a runed translucent gate.
  8871 | D:7      | Found a runed translucent gate.
  8873 | D:7      | Noticed Quickbrownfox's ghost (novice OpSh)
  8874 | D:7      | Found a runed translucent gate.
  8952 | D:7      | Reached XP level 10. HP: 88/88 MP: 19/19
  9989 | D:8      | Found a shadowy altar of Dithmenos.
 10282 | D:8      | Found a staircase to the Lair.
 10289 | D:8      | Found a radiant altar of Vehumet.
 10631 | D:9      | Found a flagged portal.
 10640 | D:9      | Reached * piety under Sif Muna
 10694 | Bailey   | Entered a bailey
 11005 | Bailey   | Reached skill level 9 in Fighting
 11190 | Bailey   | Noticed an orc knight
 11229 | Bailey   | Killed an orc knight
 11750 | D:9      | Reached XP level 11. HP: 75/99 MP: 22/22
 11849 | D:9      | Reached ** piety under Sif Muna
 12659 | D:9      | Reached skill level 10 in Fighting
 12899 | D:10     | Entered Level 10 of the Dungeon
 12998 | D:10     | Found a stormy altar of Qazlal.
 13282 | D:10     | Noticed a two-headed ogre
 13286 | D:10     | Killed a two-headed ogre
 13287 | D:10     | Reached skill level 10 in Conjurations
 13536 | D:10     | Found a glowing silver altar of Zin.
 13615 | D:10     | Noticed a two-headed ogre
 13619 | D:10     | Killed a two-headed ogre
 14338 | D:11     | Reached skill level 1 in Invocations
 14372 | D:11     | Noticed a two-headed ogre
 14376 | D:11     | Killed a two-headed ogre
 14925 | D:11     | Found a portal to a secret trove of treasure.
 15383 | D:12     | Noticed a cyan ugly thing
 15384 | D:12     | Noticed a centaur warrior
 15440 | D:12     | Identified the +4 arbalest "Umab" {speed, rPois Will+ Int+3
                  | Stlth-}
 16314 | Lair:1   | Entered Level 1 of the Lair of Beasts
 16338 | Lair:1   | Noticed Nergalle
 16366 | Lair:1   | Killed Nergalle
 16409 | Lair:1   | Found a dark tunnel.
 16414 | Volcano  | Entered a volcano
 16540 | Volcano  | Noticed a hell knight
 16924 | Lair:1   | Noticed an eight-headed hydra
 16924 | Lair:1   | Noticed a lindwurm
 17115 | Lair:1   | Reached skill level 11 in Fighting
 17247 | Lair:1   | Noticed a four-headed hydra
 17260 | Lair:1   | Reached XP level 12. HP: 60/110 MP: 11/25
 17908 | Lair:1   | Killed an eight-headed hydra
 18119 | Lair:1   | Killed a four-headed hydra
 18584 | Lair:2   | Reached skill level 10 in Air Magic
 18762 | Lair:2   | Reached *** piety under Sif Muna
 19207 | Lair:2   | Noticed a boulder beetle
 19387 | Lair:2   | Noticed a five-headed hydra
 19395 | Lair:2   | Killed a five-headed hydra
 19396 | Lair:2   | Reached skill level 10 in Spellcasting
 19559 | Lair:2   | Identified the +7 lajatang "Sopnill" {flame, rElec rPois
                  | Will++}
 19584 | Lair:2   | Reached skill level 5 in Invocations
 19866 | Lair:2   | Reached skill level 12 in Fighting
 19872 | Lair:2   | You fall into a shaft and drop 2 floors!
 19963 | Lair:3   | Noticed Amaemon
 19971 | Lair:3   | Killed Amaemon
 20138 | Lair:2   | Noticed a death yak
 20144 | Lair:2   | Noticed a death yak
 20151 | Lair:2   | Noticed a death yak
 20152 | Lair:2   | Noticed a death yak
 20154 | Lair:2   | Killed a death yak
 20189 | Lair:2   | Gained mutation: You sometimes lose your temper in combat.
                  | [potion of mutation]
 20189 | Lair:2   | Gained mutation: Your muscles are strong. (Str +4, Int/Dex
                  | -1) [potion of mutation]
 20506 | Lair:2   | Killed a death yak
 20507 | Lair:2   | Reached XP level 13. HP: 110/118 MP: 21/27
 21716 | Lair:3   | Reached **** piety under Sif Muna
 22258 | Lair:3   | Found a hole to the Spider Nest.
 22438 | Lair:3   | Found a staircase to the Shoals.
 22450 | Lair:3   | Reached skill level 1 in Fire Magic
 22884 | Lair:3   | Got Sif Muna's Reference Book on the Undead Oath
 23488 | Lair:4   | Reached skill level 13 in Fighting
 23612 | Lair:4   | Found a runed translucent door.
 24340 | Lair:4   | Slain by a death yak

Illustrated notes

Levels and vault maps discovered:
D:1:      lightli_arrival_noodles, layout_basic, minmay_door_square
D:2:      layout_loops_corners, nicolae_ecumenical_snake_handling,
          serial_forest, infiniplex_forest_clump_medium,
          infiniplex_forest_corner_1, infiniplex_forest_zigzag_1,
          infiniplex_forest_clump_tiny, infiniplex_forest_straight_2,
          infiniplex_forest_lined_room_, hangedman_glass_teeth, uniq_terence
D:3:      layout_loops_cross, lemuel_round_altar, general_overflow_altar,
          serial_shops, nicolae_shop_bloodbath_and_beyond,
          chequers_serial_rivers_micro_e
D:4:      minmay_chambers_of_threes, layout_loops_ring
D:5:      layout_basic, nicolae_overflow_crystal_walls,
          eat_drink_and_be_merry_uskayaw, kennysheep_mini, serial_shops, shop,
          kennysheep_diamond, uniq_ijyb, uniq_eustachio
D:6:      lemuel_ratsnest, layout_basic, tso_altar,
          ebering_ghost_reflecting_pool, nicolae_custom_books
D:7:      minmay_spotlight, layout_loops_ring, minmay_temple_entry_metal_lava,
          gammafunk_ghost_nasty_kobolds
D:8:      layout_cave_pools, nicolae_dithmenos_through_a_glass_darkly,
          mainiacjoe_overflow_catwalk, erik_lair_island
D:9:      layout_basic, enter_bailey_4, kennysheep_pointless_box,
          chequers_arboretum
D:10:     layout_basic, nicolae_qazlal_style_of_elements, zin_treasury
D:11:     layout_cave_pods, enter_trove_3
D:12:     layout_roguey, david_orc_2, minmay_mirror_moons_of_madness
Temple:   hellmonk_temple_forest_ring
Lair:1:   layout_cave_pods, enter_volcano_1, minmay_holes,
          minmay_shattered_shrine, lemuel_fruit_tree, uniq_nergalle
Lair:2:   layout_regular_city
Lair:3:   regret_index_wax_grids, layout_small_grid, minmay_shoals_entry_beasts,
          spider_nest_entry_web_field, uniq_amaemon
Lair:4:   dreamdust_labyrinth, layout_gridlike, chequers_serial_rivers_room_b,
          grunt_megastairs_2, serial_bayou_shore_b

Skill      XL: |  1  2  3  4  5  6  7  8  9 10 11 12 13 |
---------------+----------------------------------------+-----
Stealth        | 2 |  2.0
Dodging        | 2 |  2.0
Fighting       | 1 2 3 4 5 6 8 9 11 12 13 | 13.1
Conjurations   | 2 4 7 9 10 11 | 11.9
Air Magic      | 4 5 6 7 8 9 10 11 | 11.2
Spellcasting   | 3 4 5 6 7 9 10 11 | 11.2
Invocations    | 3 5 6 |  6.9
Fire Magic     | 4 |  4.4

Action                     |  1- 3 |  4- 6 |  7- 9 | 10-12 | 13-15 || total
---------------------------+-------+-------+-------+-------+-------++-------
  Melee: Dagger            |    15 |    11 |       |       |       ||    26
         Tailslap          |     1 |     4 |     5 |    20 |    15 ||    45
         Whip              |       |    16 |    55 |    74 |    61 ||   206
   Cast: Shock             |    52 |   100 |   307 |   235 |    52 ||   746
         Airstrike         |       |       |       |   346 |   190 ||   536
         Swiftness         |       |       |       |     4 |     1 ||     5
 Invoke: Channel Magic     |       |       |       |       |     1 ||     1
Ability: Breathe Fire      |       |       |     9 |    12 |     9 ||    30
    Use: Scroll            |       |       |     2 |    18 |     1 ||    21
         Potion            |       |       |       |     5 |     3 ||     8
   Stab: Sleeping          |       |       |       |     1 |       ||     1
 Armour: Skin              |     7 |    27 |   131 |   328 |   188 ||   681
  Dodge: Dodged            |    16 |    30 |   114 |   235 |   137 ||   532
